 Dungeon Sprint DCSS version 0.30-a0-459-g9104f0fc43 (webtiles) character file.

Game seed: 9301482244706483769

113 boopmooplesden the Cleaver (level 4, -1/72 HPs)
             Began as a Minotaur Berserker on Dec 15, 2022.
             Was a Believer of Trog.
             Succumbed to a water moccasin's poison
             ... in the Dungeon (Sprint IX: "|||||||||||||||||||||||||||||").
             The game lasted 00:00:09 (25 turns).

boopmooplesden the Cleaver (Minotaur Berserker)       Turns: 25, Time: 00:00:09

Health: -1/72      AC: -1    Str: 24    XL:     4   Next: 65%
Magic:  3/3        EV: 12    Int:  4    God:    Trog [**....]
Gold:   0          SH:  0    Dex:  9    Spells: 3/3 levels left

rFire   . . .      SeeInvis .    a - +0 hand axe
rCold   . . .      Faith    .    (no shield)
rNeg    . . .      Spirit   .    b - +0 animal skin
rPois   .          Reflect  .    (helmet restricted)
rElec   .          Harm     .    (no cloak)
rCorr   .          Rampage  .    (no gloves)
Will    .....      NoTele   +    (no boots)
Stlth   ..........               (no amulet)
HPRegen 0.32/turn                (no ring)
MPRegen 0.08/turn                (no ring)

@: berserking (expiring), lethally poisoned (-1 -> -9), corroded, very quick
A: horns 2, retaliatory headbutt
a: Renounce Religion, Berserk, Trog's Hand


You were in the Dungeon.
You worshipped Trog.
Trog was pleased with you.
You visited 1 branch

Inventory:

Hand Weapons
 a - a +0 hand axe (weapon)
Armour
 b - a +0 animal skin (worn)
Scrolls
 h - a scroll of blinking
Potions
 c - a potion of curing
 d - a potion of heal wounds
 e - a potion of haste
 f - 2 potions of magic
 g - a potion of berserk rage


   Skills:
 + Level 7.6 Fighting
 + Level 8.0 Axes
 + Level 4.0 Armour
 + Level 4.2 Dodging


You had 3 spell levels left.
You didn't know any spells.
Your spell library was empty.

Dungeon Overview and Level Annotations

Branches:
Dungeon (1/1)

Altars:


Innate Abilities, Weirdness & Mutations

You have a pair of horns on your head.
You reflexively headbutt those who attack you in melee.


Message History

The water moccasin is moderately wounded.
You feel sick. The water moccasin bites you.
You slash the water moccasin!
The water moccasin is severely wounded.
You feel sick. The water moccasin bites you.
You are lethally poisoned!
The water moccasin poisons you!
You slash the water moccasin!
The water moccasin is almost dead.
You feel sick. The water moccasin barely misses you.
You hit the water moccasin.
You kill the water moccasin!
Trog accepts your kill.
* * * LOW HITPOINT WARNING * * *
You feel sick.
Your Fighting skill gained 3 levels and is now at level 7!
Your Axes skill gained 4 levels and is now at level 8!
Your Armour skill gained 2 levels and is now at level 4!
Your Dodging skill gained 2 levels and is now at level 4!
You have reached level 2!
You have reached level 3!
Your experience leads to an increase in your attributes!
Increase (S)trength, (I)ntelligence, or (D)exterity?
You feel stronger. x2
You have reached level 4!
You feel stronger.
You feel sick. The jelly hits you.
* * * LOW HITPOINT WARNING * * *
The acid corrodes you!
You are splashed with acid!
* * * LOW HITPOINT WARNING * * *
There is an open door, spattered with blood here.
You hit the jelly.
Your hands burn!
* * * LOW HITPOINT WARNING * * *
The jelly is moderately wounded.
* * * LOW HITPOINT WARNING * * *
You feel sick.
You slash the jelly!
Your hands burn!
* * * LOW HITPOINT WARNING * * *
The jelly is almost dead.
You die... ▓▓▓▓▓▓▓▓▓▓▓▓▓▓▓▓▓▓ ▓<...).....@JS5h.+ ▓▓▓▓▓▓▓▓▓▓▓▓▓▓▓▓▓▓

You could see a hound, a jelly, an adder and an ufetubus.

Vanquished Creatures
  A water moccasin (D)
  A bat (D)
  A giant cockroach (D)
  2 goblins (D)
  A rat (D)
6 creatures vanquished.

Notes
Turn   | Place    | Note
-------+----------+-------------------------------------------
     0 | D        | boopmooplesden the Minotaur Berserker began the quest for
                  | the Orb.
     0 | D        | Reached XP level 1. HP: 19/19 MP: 0/0
     6 | D        | Reached skill level 4 in Axes
     7 | D        | Reached ** piety under Trog
    16 | D        | Noticed a water moccasin
    16 | D        | Noticed a jelly
    16 | D        | Noticed a hound
    22 | D        | Killed a water moccasin
    23 | D        | Reached skill level 8 in Axes
    23 | D        | Reached XP level 2. HP: 13/35 MP: 1/1
    23 | D        | Reached XP level 3. HP: 15/40 MP: 2/2
    23 | D        | Reached XP level 4. HP: 18/48 MP: 3/3
    25 | D        | HP: 1/72 [acid (3)]
    25 | D        | Succumbed to a water moccasin's poison

Illustrated notes

Levels and vault maps discovered:
D:        linesprint [early_d, line_temple, items_1, d_10, items_2, lair_1,
          lair_end, items_3, orc_1, orc_end, items_4, d_15, swamp_1, shoals_1,
          snake_1, spider_1, d_20, vaults_1, items_5, swamp_end, shoals_end,
          snake_end, spider_end, vaults_end, d_27, items_6, zot_1, zot_end,
          crypt_end, forest_end, elf_end, slime_end, tomb_end, abyss_end,
          pan_hell_end]

Skill      XL: |  1 |
---------------+----+-----
Fighting       | 7 |  7.6
Axes           | 8 |  8.0
Armour         | 4 |  4.0
Dodging        | 4 |  4.2

Action                   |  1- 3 |  4- 6 || total
-------------------------+-------+-------++-------
Melee: Hand axe          |    11 |     2 ||    13
       Headbutt          |     1 |       ||     1
Invok: Berserk           |     1 |       ||     1
Armor: Animal skin       |     1 |       ||     1
Dodge: Dodged            |     5 |       ||     5

Table legend: (Time is in decaauts)
 A = Elapsed time spent in this place.
 B = Non-inter-level travel time spent in this place.
 C = Inter-level travel time spent in this place.
 D = Time resting spent in this place.
 E = Time spent auto-exploring this place.
 F = Levels seen in this place.
 G = Mean time per level.
                   A        B        C        D        E       F      G
               +--------+--------+--------+--------+--------+-----+--------+
         Total |     23 |     23 |      0 |      0 |      0 |   1 |   23.0 |
       Dungeon |     23 |     23 |      0 |      0 |      0 |   1 |   23.0 |
               +--------+--------+--------+--------+--------+-----+--------+

Top non-repeatable levels by time:
       D: 23 daAuts
